 Dungeon Crawl Stone Soup version bcrawl-1.39.1 (webtiles) character file.

Game seed: 17802741066081004627

185734 Finalfun the Skirmisher (level 5, 0/72 HPs)
             Began as a Minotaur Archaeologist on Sept 26, 2023.
             Slain by Sigmund
             ... wielding a +1 scythe of slicing
              (1 damage)
             ... on level 3 of the Dungeon.
             The game lasted 00:04:59 (1542 turns).

Finalfun the Skirmisher (Minotaur Archaeologist)    Turns: 1542, Time: 00:05:00

Health: 0/72       AC: 22    Str: 16    XL:     5   Next: 1%
Magic:  0/4        EV:  1    Int: 11    God:
Gold:   137        SH:  0    Dex:  9    Spells: 4/4 levels left

rFire    . . .     GDR:     46% a - +2 dagger (freeze)
rCold    . . .     SeeInvis .   (no shield)
rNeg     + + +     Gourm    .   (armour currently unavailable)
rPois    +         Faith    .   (helmet currently unavailable)
rElec    .         Spirit   +   (cloak currently unavailable)
rCorr    .         Reflect  .   (gloves currently unavailable)
MR       .....     NoTele   +   (boots currently unavailable)
Stlth    ++........             w - amulet of guardian spirit (curse)
HPRegen  0.22/turn              (no ring)
MPRegen  0.09/turn              (no ring)

@: tree-form, invisible
A: giant, (retaliatory headbutt)
a: no special abilities


You were on level 3 of the Dungeon.
You were hungry.
You were a tree.
You visited 1 branch of the dungeon, and saw 3 of its levels.

You collected 137 gold pieces.

Inventory:

Hand Weapons
 a - a +2 dagger of freezing (weapon)
 b - a +0 blowgun
 x - a +0 hunting sling of velocity
Missiles
 f - 6 curare-tipped needles
 l - 997 stones (quivered)
 s - 77 poisoned needles
Armour
 d - a +1 hat (melded)
 p - a +1 pair of boots (melded)
 u - a +0 scale mail (melded)
Jewellery
 w - a cursed amulet of guardian spirit (around neck)
Scrolls
 c - a scroll of noise
 g - 2 scrolls of revelation
 h - a scroll of acquirement
 i - a scroll of identify
 m - a scroll of teleportation
 o - 4 scrolls of remove curse
Potions
 k - 2 potions of might {unknown}
 n - a potion of invisibility
 q - a potion of curing {unknown}
 r - a potion of brilliance {unknown}
 t - 2 potions of lignification
 v - a potion of resistance {unknown}
Comestibles
 e - 7 rations {!d}


   Skills:
 + Level 5.1 Fighting
   Level 1.2 Maces & Flails
 + Level 1.2 Armour
 + Level 3.6 Dodging
 - Level 3.0 Stealth


You had 4 spell levels left.
You didn't know any spells.
Your spell library was empty.

Dungeon Overview and Level Annotations

Branches:
Dungeon (3/12)

Altars:
Xom

Annotations:
D:3 Robin, Sigmund


Innate Abilities, Weirdness & Mutations

((You reflexively headbutt those who attack you in melee.))
((You have a pair of horns on your head.))


Message History

The goblin hits you but does no damage. Something hits you but does no damage.
Ssssck.
* * * LOW HITPOINT WARNING * * *
An orc comes into view.
You closely miss the goblin. The goblin hits you with a +0 dagger.
* * * LOW HITPOINT WARNING * * *
A ball python comes into view.
The ball python hisses angrily.
You hit the goblin. You freeze the goblin.
You kill the goblin!
Something hits you.
* * * LOW HITPOINT WARNING * * *
Snnnck.
* * * LOW HITPOINT WARNING * * *
It was a potion of invisibility.
You fade into invisibility!
The hobgoblin no longer looks unusually strong.
Something hits you!
* * * LOW HITPOINT WARNING * * *
You die...

..###.. #. .....g.##
###.≈ ...#g.## #.^.♣
....g.# #.#._ #.#g†# #.#
. #{.†.#### #.### .
###.....###...#
...o#########..#.)...##.
..S.SSo♣.{ggg...........
...o#########.....###..#
o #....#........
...#.###...####
####.#...#.#
####....###...
.####......## ####
...#.......##
#...........###


You could see Robin, 2 adders, 4 orcs, a hobgoblin, a goblin and a ball python.

Vanquished Creatures
  Terence (D:2)
  2 adders (D:3)
  A shadow imp (D:3)
  4 worms
  2 dart slugs (D:1)
  6 leopard geckos
  5 hobgoblins
  7 jackals (D:1)
  2 quokkas
  A ball python (D:1)
  4 bats
  2 frilled lizards
  13 goblins
  12 kobolds
  3 rats (D:1)
65 creatures vanquished.

Notes
Turn   | Place    | Note
-------+----------+-------------------------------------------
     0 | D:1      | Finalfun the Minotaur Archaeologist began the quest for the
                  | Orb.
     0 | D:1      | Reached XP level 1. HP: 16/16 MP: 0/0
   219 | D:1      | Reached skill level 2 in Fighting
   219 | D:1      | Reached XP level 2. HP: 24/24 MP: 1/1
   265 | D:1      | Reached skill level 3 in Fighting
   276 | D:1      | Reached XP level 3. HP: 20/31 MP: 2/2
   589 | D:1      | Reached skill level 4 in Fighting
   764 | D:2      | Noticed Terence
   780 | D:2      | Killed Terence
   781 | D:2      | Reached XP level 4. HP: 33/41 MP: 3/3
  1444 | D:3      | Reached skill level 5 in Fighting
  1488 | D:3      | Found a shimmering altar of Xom.
  1488 | D:3      | Found a shimmering altar of Xom.
  1488 | D:3      | Found a shimmering altar of Xom.
  1509 | D:3      | Noticed Sigmund
  1513 | D:3      | Reached skill level 1 in Armour
  1528 | D:3      | Noticed Robin
  1539 | D:3      | Reached XP level 5. HP: 9/48 MP: 1/4
  1539 | D:3      | Identified a scroll of acquirement
  1542 | D:3      | HP: 1/72 [something (7)]
  1542 | D:3      | Slain by Sigmund

Skill      XL: |  1  2  3  4 |
---------------+-------------+-----
Fighting       | 2 3 4 5 |  5.1
Stealth        | 3 |  3.0
Armour         | 1 |  1.2
Maces & Flails | |  1.2
Dodging        | |  3.6

Action                   |  1- 3 |  4- 6 || total
-------------------------+-------+-------++-------
Melee: Whip              |    10 |       ||    10
       Dagger            |    77 |    64 ||   141
       Headbutt          |    13 |     8 ||    21
Throw: Stone             |    15 |       ||    15
  Use: Scroll            |       |     3 ||     3
       Potion            |       |     2 ||     2
 Stab: Sleeping          |     3 |       ||     3
       Distracted        |     1 |       ||     1
  Eat: Chunk             |     2 |     3 ||     5
Armor: Robe              |    22 |       ||    22
       Ring mail         |     4 |     2 ||     6
       Scale mail        |       |    34 ||    34
       Skin              |       |     2 ||     2
Dodge: Dodged            |    44 |    40 ||    84
